Map: Proxima Station LE

Players

llllllllllll (Zest)

  • Race: Protoss Protoss
  • League: Master
  • Spawn Location: 1:00

Elazer - Winner!

  • Race: Zerg Zerg
  • League: Master
  • Spawn Location: 7:00

Event: HomeStory Cup XV

VOD

Have the link to the VOD?

Description

Time

  • Played on: July 22, 2017, 1:31 p.m.
  • Length: 6:50

All games in this series

Show
View Real Time Build Order
Export as new Build Order

llllllllllll Protoss 

Build Orders: 1 Gate Expand, Oracle Opening 

Get SALT Encoding   

  12  0:00  Probe (Chrono Boost)  
  13  0:11  Probe (Chrono Boost)  
  14  0:17  Pylon  
  14  0:22  Probe (Chrono Boost)  
  15  0:35  Probe (Chrono Boost)  
  16  0:38  Gateway  
  16  0:44  Assimilator  
  16  0:46  Probe (Chrono Boost)  
  17  0:56  Probe (Chrono Boost)  
  18  1:07  Probe (Chrono Boost)  
  19  1:19  Nexus  
  19  1:22  Probe (Chrono Boost)  
  20  1:32  Cybernetics Core  
  20  1:36  Probe (Chrono Boost)  
  21  1:41  Assimilator  
  21  1:46  Probe (Chrono Boost)  
  22  1:51  Pylon  
  22  1:57  Probe (Chrono Boost)  
  23  2:09  Probe, Adept (Chrono Boost)  
  26  2:19  Stargate  
  26  2:21  Probe  
  27  2:27  Warp Gate  
  27  2:30  Probe  
  27  2:33  Probe, Adept (Chrono Boost)  
  31  2:41  Probe  
  32  2:45  Probe  
  33  2:51  Probe  
  33  2:57  Adept (Chrono Boost)  
  33  2:58  Probe  
  37  3:02  Probe  
  37  3:04  Oracle (Chrono Boost)  
  41  3:10  Probe  
  41  3:12  Probe  
  43  3:26  Pylon  
  43  3:29  Nexus  
  43  3:35  Oracle (Chrono Boost)  
  46  3:43  Probe  
  46  3:44  Probe  
  49  3:56  Probe, Mothership Core  
  49  3:59  Assimilator  
  51  4:03  Gateway x2, Assimilator  
  51  4:10  Pylon  
  51  4:12  Pylon, Probe (Chrono Boost)  
  51  4:16  Probe (Chrono Boost)  
  53  4:24  Probe (Chrono Boost)  
  53  4:30  Probe (Chrono Boost)  
  55  4:36  Robotics Facility  
  55  4:39  Twilight Council  
  55  4:40  Forge  
  55  4:41  Probe x2 (Chrono Boost)  
  55  4:45  Probe (Chrono Boost)  
  58  4:51  Pylon  
  59  4:53  Probe (Chrono Boost)  
  59  4:56  Probe x2 (Chrono Boost)  
  61  5:05  Gateway  
  61  5:06  Gateway  
  61  5:09  Probe x2 (Chrono Boost), Pylon  
  61  5:13  Probe (Chrono Boost)  
  64  5:26  Templar Archives  
  64  5:29  Warp Prism (Chrono Boost)  
  64  5:34  Gateway  
  66  5:43  Adept  
  66  5:44  Adept x2  
  56  6:06  Adept x3  
  39  6:31  Adept  
  29  6:39  Pylon  
Show
View Real Time Build Order
Export as new Build Order

Elazer Zerg - Winner!

Build Orders: Hatch First 

Get SALT Encoding   

  12  0:00  Drone  
  13  0:12  Overlord  
  13  0:17  Drone  
  14  0:31  Drone x2  
  14  0:35  Drone  
  17  0:51  Hatchery  
  17  0:54  Drone  
  17  0:57  Drone  
  18  1:08  Extractor  
  17  1:12  Spawning Pool  
  17  1:15  Drone  
  17  1:19  Drone  
  18  1:28  Drone  
  19  1:39  Overlord  
  19  1:50  Drone  
  20  1:59  Queen  
  20  2:00  Drone  
  23  2:03  Queen, Zergling x2  
  23  2:07  Metabolic Boost  
  26  2:12  Drone  
  26  2:15  Drone  
  28  2:22  Drone  
  29  2:27  Drone  
  30  2:38  Zergling x2  
  31  2:44  Pneumatized Carapace, Hatchery  
  31  2:46  Drone  
  31  2:49  Drone  
  32  2:52  Drone  
  32  2:58  Overlord  
  33  2:59  Drone  
  34  3:08  Queen  
  36  3:16  Drone  
  36  3:17  Drone x2  
  36  3:18  Drone x2  
  41  3:20  Drone  
  41  3:28  Overlord  
  41  3:31  Drone  
  42  3:38  Drone  
  43  3:48  Drone x4  
  42  3:49  Drone x2  
  42  3:53  Drone  
  42  3:54  Drone  
  45  3:56  Drone  
  45  4:00  Spore Crawler  
  45  4:02  Spore Crawler  
  44  4:03  Drone x2  
  44  4:07  Queen  
  44  4:09  Drone  
  49  4:15  Overlord  
  49  4:16  Drone x2  
  49  4:17  Drone  
  48  4:27  Evolution Chamber  
  48  4:29  Queen  
  48  4:30  Queen  
  51  4:33  Zergling x4  
  51  4:35  Zergling x2  
  51  4:36  Zergling x2  
  55  4:42  Baneling Nest, Zergling x4  
  56  4:46  Zergling x2  
  56  4:47  Zergling x4  
  58  4:54  Zergling x6  
  57  5:01  Zergling x2  
  57  5:02  Zergling x4  
  57  5:03  Queen  
  62  5:09  Zergling x4  
  62  5:13  Zergling x2  
  64  5:16  Zergling x2  
  65  5:25  Zergling x2  
  65  5:26  Overlord  
  65  5:27  Baneling  
  65  5:28  Baneling x3  
  65  5:39  Overlord  
  65  5:45  Zergling x16  
  72  5:51  Zergling x4  
  72  5:54  Zergling x2  
  70  6:05  Zergling x6  
  70  6:10  Zergling x2  
  70  6:11  Zergling x2  
  75  6:12  Baneling x3  
  75  6:16  Zergling x8  
  81  6:24  Zergling x4  
  81  6:28  Zergling x2  
  77  6:33  Zergling x4  
Tags
 
Add a new tag
Caveats
  • Supply blocks, unpowered buildings, or Contaminate may cause inaccurate times.
  • Supply counts are checked every 10 seconds.